 Dungeon Crawl Stone Soup version 0.31-a0-152-g6aa68a64a1 (webtiles) character file.

Game seed: 11410623826510275531

11 qw the Shield-Bearer (level 2, 0/19 HPs)
             Began as a Gargoyle Fighter on June 10, 2023.
             Slain by a worm (5 damage)
             ... on level 1 of the Dungeon.
             The game lasted 00:00:10 (331 turns).

qw the Shield-Bearer (Gargoyle Fighter)              Turns: 331, Time: 00:00:10

Health: 0/19       AC:  9    Str: 19    XL:     2   Next: 25%
Magic:  2/2        EV:  9    Int:  8    God:
Gold:   20         SH:  4    Dex:  9    Spells: 1/1 levels left

rFire   . . .        a - +0 war axe
rCold   . . .        c - +0 buckler
rNeg    + . .        b - +0 scale mail
rPois   inf          (no helmet)
rElec   +            (no cloak)
rCorr   .            (no gloves)
SInv    .            (no boots)
Will    .....        (no amulet) Stlth
                     (no ring)
HPRegen 0.23/turn    (no ring)
MPRegen 0.08/turn

%: no passive effects
@: no status effects
A: sickness immunity, AC +2, negative energy resistance 1, electricity
resistance, torment resistance 1, petrification resistance
a: no special abilities


You were on level 1 of the Dungeon.
You visited 1 branch of the dungeon, and saw 1 of its levels.

You collected 20 gold pieces.


Innate Abilities, Weirdness & Mutations

You are immune to sickness and miasma.
Your stone body is resilient. (AC +2)
You are immune to poison.
You resist negative energy. (rN+)
You are resistant to electric shocks. (rElec)
You are resistant to unholy torment.
You are immune to petrification.


   Skills:
 - Level 3.2 Fighting
 + Level 2.6 Axes
 - Level 3.2 Armour
 - Level 3.2 Shields


You had one spell level left.
You didn't know any spells.
Your spell library was empty.

Inventory:

Hand Weapons
 a - a +0 war axe (weapon)
Armour
 b - a +0 scale mail (worn)
 c - a +0 buckler (worn)
Scrolls
 f - a scroll of immolation {unknown}
 g - a scroll of blinking {unknown}
Potions
 d - a potion of might
 e - a potion of mutation {unknown}

Dungeon Overview and Level Annotations

Branches:
Dungeon (1/15)

Altars:


Message History

Enter note:
Enter note: The jackal completely misses you.
You hit the jackal.
The jackal is almost dead.
The jackal barely misses you.
The jackal bites you but does no damage.
You hit the jackal.
You kill the jackal!
A hobgoblin comes into view.
The hobgoblin shouts!
A worm comes into view.
A jackal comes into view.
You see here 10 gold pieces.
Enter note:
Enter note:
319 ||| Stepping ~*~*~tactically~*~*~ (stealth).
The jackal barks!
The jackal falls through a shaft!
The shaft crumbles and collapses.
A jackal comes into view.
323 ||| Stepping ~*~*~tactically~*~*~ (stealth).
You barely miss the worm. The worm bites you. You block the hobgoblin's attack.
You slash the hobgoblin!
You kill the hobgoblin!
You barely miss the worm. The worm closely misses you.
You barely miss the worm. You barely miss the worm. The worm bites you.
You barely miss the worm. The worm barely misses you.
You barely miss the worm. The worm bites you!
You slash the worm!
The worm is severely wounded.
The worm barely misses you.
You hit the worm but do no damage.
The worm is severely wounded.
The worm bites you.
You die...

^.##^...# h..#....#
........# .^......#
......# #....# #....#
#.w.$####### .###
#.@........# .....
###........# ....
#........# ... #........#
#.# #....##........# #.##
#....##........# ###..##
#....##........# #.....##
#....##........#
#......####....##........#


You could see a worm.

Vanquished Creatures
  A ball python (D:1)
  2 giant cockroaches (D:1)
  A hobgoblin (D:1)
  2 jackals (D:1)
  A kobold (D:1)
  2 rats (D:1)
9 creatures vanquished.

Notes
Turn   | Place    | Note
-------+----------+-------------------------------------------
     0 | D:1      | qw the Gargoyle Fighter began the quest for the Orb.
     0 | D:1      | Reached XP level 1. HP: 14/14 MP: 1/1
     0 | D:1      | 0 ||| qw: Version: 0.2-a-29-g67ad517
     0 | D:1      | 0 ||| qw: Game counter: 3940
     0 | D:1      | 0 ||| qw: Always use a shield: true
     0 | D:1      | 0 ||| qw: God list: Okawaru
     0 | D:1      | 0 ||| qw: Allow faded altars: false
     0 | D:1      | 0 ||| qw: Do Orc after D:15 true
     0 | D:1      | 0 ||| qw: Do second Lair branch before Depths: true
     0 | D:1      | 0 ||| qw: Lair rune preference: random
     0 | D:1      | 0 ||| qw: Plans: Normal, Zot:1-4, Slime:5, God:TSO, Crypt,
                  | Tomb, Abyss, Pan, Hells, Win
     0 | D:1      | 0 ||| PLANNING D:1-11
   233 | D:1      | 233 ||| Stepping ~*~*~tactically~*~*~ (hiding).
   234 | D:1      | 234 ||| Stepping ~*~*~tactically~*~*~ (hiding).
   235 | D:1      | 235 ||| Stepping ~*~*~tactically~*~*~ (hiding).
   262 | D:1      | 262 ||| Stepping ~*~*~tactically~*~*~ (stealth).
   293 | D:1      | Reached XP level 2. HP: 19/19 MP: 2/2
   319 | D:1      | 319 ||| Stepping ~*~*~tactically~*~*~ (stealth).
   323 | D:1      | 323 ||| Stepping ~*~*~tactically~*~*~ (stealth).
   329 | D:1      | HP: 4/19 [worm (8)]
   331 | D:1      | Slain by a worm

Levels and vault maps discovered:
D:1:      evilmike_arrival_rings, layout_basic, nicolae_wormholes

Skill      XL: |  1 |
---------------+----+-----
Axes           | 2 |  2.6
Fighting       | |  3.2
Armour         | |  3.2
Shields        | |  3.2

Action                     || total
---------------------------++-------
  Melee: War axe           ||    21
 Armour: Scale mail        ||     5
  Dodge: Dodged            ||     7
  Block: Buckler           ||     1

Table legend:
 A = Non-vault XP
 B = Vault XP
 C = Vault XP percentage of total XP
 D = Non-vault monster count
 E = Vault monster count
 F = Vault count percentage of total count
                 A         B        C        D         E       F
            +---------+---------+-------+---------+---------+-------
      Total |      16 |       0 |   0.0 |       9 |       0 |   0.0
            +---------+---------+-------+---------+---------+-------
        D:1 |      16 |       0 |   0.0 |       9 |       0 |   0.0
            +---------+---------+-------+---------+---------+-------
